 Seeded DCSS version 0.30-a0-719-gcc4359ea44 (webtiles) character file.

Game seed: 5430720872467839093 (custom seed)

121 OTABOTABOTAB the Caller (level 5, 32/32 HPs)
             Began as an Octopode Summoner on Jan 26, 2023.
             Quit the game on level 2 of the Dungeon.
             The game lasted 00:05:15 (2384 turns).

OTABOTABOTAB the Caller (Octopode Summoner)         Turns: 2384, Time: 00:05:16

Health: 32/32      AC:  1    Str: 14    XL:     5   Next: 5%
Magic:  10/10      EV: 13    Int: 19    God:
Gold:   3628       SH:  0    Dex: 12    Spells: 1/10 levels left

rFire   . . .      SeeInvis .    a - +0 dagger
rCold   + . .      Faith    .    (no shield)
rNeg    . . .      Spirit   .    (helmet restricted)
rPois   .          Reflect  .    (no amulet)
rElec   .          Harm     .    k - +6 ring of strength
rCorr   .          Rampage  .    C - ring of protection from cold {rC+, !d}
Will    .....                    (no ring)
Stlth   +++                      (no ring)
HPRegen 0.25/turn                (no ring)
MPRegen 0.12/turn                (no ring)
                                 (no ring)
                                 (no ring)

@: no status effects
A: almost no armour, amphibious, 8 rings, camouflage 1, gelatinous body 1,
(nimble swimmer 1), tentacles
a: no special abilities


You were on level 2 of the Dungeon.
You visited 1 branch of the dungeon, and saw 2 of its levels.

You collected 3628 gold pieces.

Inventory:

Hand Weapons
 a - a +0 dagger (weapon)
   (You took it off a kobold on level 1 of the Dungeon)
Missiles
 s - 17 stones (quivered)
Jewellery
 k - a +6 ring of strength (left tentacle)
   (You found it on level 1 of the Dungeon)
 C - a ring of protection from cold (right tentacle) {rC+, !d}
   (You found it on level 2 of the Dungeon)
Scrolls
 b - a scroll of brand weapon {unknown}
 d - a scroll of torment {unknown}
 e - 3 scrolls of amnesia {unknown}
 f - a scroll of identify {unknown}
 g - a scroll of teleportation {unknown}
 j - a scroll of noise {unknown}
 m - a scroll of fog {unknown}
 n - a scroll of enchant armour {unknown}
 o - a scroll of immolation {unknown}
Potions
 c - a potion of mutation {unknown}
 h - a potion of attraction {unknown}
 i - 2 potions of curing {unknown}
 M - a potion of magic


   Skills:
 + Level 0.5 Fighting
 + Level 2.2 Dodging
 - Level 2.6 Stealth
 + Level 3.4 Spellcasting
 + Level 0.5 Hexes
 + Level 5.0 Summonings


You had one spell level left.
You knew the following spells:

 Your Spells              Type           Power      Damage    Failure   Level
a - Summon Small Mammal   Summ           88%        N/A       1%          1
b - Call Canine Familiar  Summ           22%        N/A       5%          3
c - Call Imp              Summ           22%        N/A       2%          2
d - Summon Guardian Gole  Hex/Summ       13%        N/A       14%         3

Your spell library contained the following spells:

 Spells                   Type           Power      Damage    Failure   Level
 Summon Lightning Spire   Summ/Air       12%        N/A       45%         4


Dungeon Overview and Level Annotations

Branches:
Dungeon (2/15)

Altars:

Shops:
D:2 ?


Innate Abilities, Weirdness & Mutations

You cannot wear most types of armour.
You are amphibious.
You can wear up to eight rings at the same time.
Your skin changes colour to match your surroundings (Stealth+).
Your rubbery body absorbs attacks. (AC +1, EV +1)
((You are camouflaged when in or above water. (Stealth+)))
You have tentacles for arms and can constrict up to eight enemies at once.


Message History

Items here: )) ††.
o - a scroll labelled ULOOHASMUSE
Found a stone staircase leading down.
Found a stone staircase leading down.
There is a stone staircase leading down here.
There is a stone staircase leading down here.
s - 15 stones (gained 7)
A bat comes into view.
A bat is nearby!
A bat is nearby!
You throw a stone.
The stone hits the bat but does no damage.
You throw a stone. The stone hits the bat.
The bat hits you.
You take 1 damage, and have 31/32 hp.
A beastly little devil appears in a puff of flame.
The bat hits you.
You take 1 damage, and have 30/32 hp.
You now have 8/10 mp.
The bat hits you.
Your crimson imp blinks!
You now have 7/10 mp.
The bat barely misses you. The bat hits your rat.
Your rat barely misses the bat.
You now have 6/10 mp.
The bat hits you.
You take 1 damage, and have 29/32 hp.
Your bat hits the bat.
The bat hits your bat but does no damage.
Your rat bites the bat.
The bat dies!
Your rat disappears in a puff of smoke!
Your crimson imp blinks!
You swap places.
Your bat disappears in a puff of smoke!
Found a stone staircase leading down.
Health restored: 32; MP restored: 10 Your crimson imp blinks!
A kobold comes into view. It is wielding a +0 short sword.
A kobold is nearby!
A beastly little devil appears in a puff of frigid air.
Your crimson imp disappears in a puff of smoke!
You now have 8/10 mp.
You now have 7/10 mp.
You now have 6/10 mp.
Your quokka disappears in a puff of smoke!
You now have 5/10 mp.
A kobold is nearby!
A kobold is nearby!
The kobold shouts!
You hear a shout!
A hobgoblin comes into view.
The kobold throws a stone.
The stone barely misses you.
Your bat hits the kobold. The kobold misses your bat.
Your bat closely misses the hobgoblin.
The kobold throws a stone.
The stone barely misses your quokka.
The stone closely misses your white imp.
The stone closely misses you.
Your bat hits the hobgoblin but does no damage.
The kobold completely misses your quokka.
Your quokka bites the kobold.
Your bat hits the hobgoblin.
The kobold hits your quokka with a +0 short sword.
Your quokka closely misses the kobold.
Your bat hits the kobold but does no damage.
The kobold hits your quokka but does no damage.
Your quokka bites the kobold.
The kobold dies!
The hobgoblin barely misses you.
Your white imp hits the hobgoblin.
Your white imp freezes the hobgoblin.
The hobgoblin dies!
Your bat disappears in a puff of smoke!
Your quokka disappears in a puff of smoke!
s - 17 stones (gained 4)
You see here a +0 short sword.
You swap places.
Found a stone staircase leading up.
MP restored: 10
There is a stone staircase leading up here.
You swap places.
An endoplasm comes into view.
An endoplasm is nearby!
Your white imp gestures at the endoplasm.
The puff of frost hits the endoplasm!
The endoplasm dies!
Your white imp disappears in a puff of smoke!
l - 4 scrolls labelled ICHANW HIUVOTE (gained 1)
There is a stone staircase leading down here.
Done exploring.
Done exploring.
Done exploring.
Done exploring.
Done exploring.
This is a scroll of acquirement!
Something appears before you!
You now have enough gold to buy a scroll of blinking on this level.
You now have 940 gold pieces (gained 871).
Something appears before you!
You now have 1984 gold pieces (gained 1044).
Something appears before you!
You now have 2710 gold pieces (gained 726).
Something appears before you!
You now have 3628 gold pieces (gained

918). #.# #..#.# #.#
#..#
#.##########..#.## #.#
#..#
#..........#..#..###.#
#..#######
......####......∩....#
#.........
#####..........#######
##.#######
#..........# #.#
#.########.# #.#
#####.# #.##########.#
......# #..@.........#
####### ##############


There were no monsters in sight!

Vanquished Creatures
  An endoplasm (D:1)
  A goblin (D:1)
  A jackal (D:1)
  2 kobolds (D:1)
  2 quokkas (D:1)
  A rat (D:1)
8 creatures vanquished.

Vanquished Creatures (collateral kills)
  A necrophage (D:2)
  3 gnolls (D:2)
  3 bats
  4 endoplasms
  2 hobgoblins
  3 jackals (D:1)
  3 kobolds
  2 ball pythons (D:1)
  A frilled lizard (D:2)
  3 goblins
25 creatures vanquished.

Grand Total: 33 creatures vanquished

Notes
Turn   | Place    | Note
-------+----------+-------------------------------------------
     0 | D:1      | OTABOTABOTAB the Octopode Summoner began the quest for the
                  | Orb.
     0 | D:1      | Reached XP level 1. HP: 11/11 MP: 3/3
   219 | D:1      | Reached XP level 2. HP: 17/17 MP: 0/5
   341 | D:1      | Learned a level 2 spell: Call Imp
  1059 | D:1      | Reached XP level 3. HP: 17/21 MP: 0/7
  1495 | D:2      | Found Doddoiw's Magic Scroll Shoppe.
  1591 | D:2      | Noticed a necrophage
  1601 | D:2      | Learned a level 3 spell: Call Canine Familiar
  1616 | D:2      | Killed a necrophage
  1617 | D:2      | Reached skill level 3 in Spellcasting
  1617 | D:2      | Reached XP level 4. HP: 27/27 MP: 2/8
  1621 | D:2      | Learned a level 3 spell: Summon Guardian Golem
  1827 | D:2      | Reached skill level 5 in Summonings
  1904 | D:2      | Reached XP level 5. HP: 32/32 MP: 1/10
  2376 | D:2      | Identified 4 scrolls of acquirement
  2376 | D:2      | Acquired 871 gold pieces
  2378 | D:2      | Acquired 1044 gold pieces
  2380 | D:2      | Acquired 726 gold pieces
  2382 | D:2      | Acquired 918 gold pieces
  2384 | D:2      | Quit the game

Illustrated notes

Levels and vault maps discovered:
D:1:      dpeg_arrival_boxes_within_box, layout_basic
D:2:      layout_loops_ring, serial_shops, shop, nicolae_kite_square_tiling_tiny

Skill      XL: |  1  2  3  4 |
---------------+-------------+-----
Spellcasting   | 3 |  3.4
Summonings     | 5 |  5.0
Fighting       | |  0.5
Dodging        | |  2.2
Stealth        | |  2.6
Hexes          | |  0.5

Action                     |  1- 3 |  4- 6 || total
---------------------------+-------+-------++-------
  Melee: Unarmed           |     4 |       ||     4
         Constrict         |     8 |       ||     8
         Tentacles         |     6 |       ||     6
         Dagger            |    20 |       ||    20
  Throw: Stone             |       |     2 ||     2
   Cast: Summon Small Mamm |    19 |     8 ||    27
         Call Imp          |    11 |     6 ||    17
         Call Canine Famil |     1 |     4 ||     5
    Use: Scroll            |       |     4 ||     4
 Armour: Skin              |     4 |       ||     4
  Dodge: Dodged            |    17 |     7 ||    24

Table legend: (Time is in decaauts)
 A = Elapsed time spent in this place.
 B = Non-inter-level travel time spent in this place.
 C = Inter-level travel time spent in this place.
 D = Time resting spent in this place.
 E = Time spent auto-exploring this place.
 F = Levels seen in this place.
 G = Mean time per level.
                   A        B        C        D        E       F      G
               +--------+--------+--------+--------+--------+-----+--------+
         Total |   2382 |   2306 |     76 |     68 |   1812 |   2 | 1191.0 |
       Dungeon |   2382 |   2306 |     76 |     68 |   1812 |   2 | 1191.0 |
               +--------+--------+--------+--------+--------+-----+--------+

Top non-repeatable levels by time:
     D:1: 1364 daAuts
     D:2: 1018 daAuts

Table legend:
 A = Kills in this place as a percentage of kills in entire the game.
 B = Kills by you in this place as a percentage of kills by you in the entire game.
 C = Kills by friends in this place as a percentage of kills by friends in the entire game.
 D = Other kills in this place as a percentage of other kills in the entire game.
 E = Experience gained in this place as a percentage of experience gained in the entire game.
 F = Experience gained in this place divided by the number of levels of this place that you have seen.
                   A       B       C       D       E      F
               +-------+-------+-------+-------+-------+----------------------
         Total | 100.0 | 100.0 | 100.0 |   N/A | 100.0 |  87.0
       Dungeon | 100.0 | 100.0 | 100.0 |   N/A | 100.0 |  87.0
               +-------+-------+-------+-------+-------+----------------------
